 Dungeon Crawl Stone Soup version 0.29.1-2-gbd0b4ee654 (webtiles) character file.

Game seed: 8496382645170324798

150 qeuew the Trooper (level 5, -6/47 HPs)
             Began as a Hill Orc Fighter on Nov 8, 2022.
             Killed by nerve-wracking pain
             ... invoked by Grinder
              (14 damage)
             ... on level 3 of the Dungeon.
             The game lasted 00:02:02 (1889 turns).

qeuew the Trooper (Hill Orc Fighter)                Turns: 1889, Time: 00:02:03

Health: -6/47      AC:  7    Str: 21    XL:     5   Next: 32%
Magic:  5/5        EV:  9    Int:  8    God:
Gold:   95         SH:  4    Dex: 10    Spells: 4/4 levels left

rFire   . . .      SeeInvis .   a - +0 war axe
rCold   . . .      Faith    .   c - +0 buckler
rNeg    . . .      Spirit   .   b - +0 scale mail
rPois   .          Reflect  .   (no helmet)
rElec   .          Harm     .   (no cloak)
rCorr   .          Rampage  .   (no gloves)
Will    .....                   (no boots)
Stlth   ..........              (no amulet)
HPRegen 0.15/turn               (no ring)
MPRegen 0.09/turn               (no ring)

@: no status effects
A: no striking features
a: no special abilities


You were on level 3 of the Dungeon.
You visited 1 branch of the dungeon, and saw 3 of its levels.

You collected 95 gold pieces.

Inventory:

Hand Weapons
 a - a +0 war axe (weapon)
Armour
 b - a +0 scale mail (worn)
 c - a +0 buckler (worn)
Scrolls
 e - a scroll of teleportation
 g - a scroll of vulnerability {unknown}
 h - a scroll of summoning {unknown}
 k - a scroll of enchant weapon {unknown}
Potions
 d - a potion of might
 f - 2 potions of heal wounds {unknown}
 j - a potion of brilliance {unknown}


   Skills:
 + Level 4.5 Fighting
 + Level 3.8 Axes
 + Level 4.1 Armour
 + Level 1.5 Dodging
 + Level 4.1 Shields


You had 4 spell levels left.
You didn't know any spells.
Your spell library contained the following spells:

 Spells                   Type           Power      Damage    Failure   Level
 Scorch                   Fire           0%         2d5       92%         2
 Sublimation of Blood     Necr           0%         N/A       92%         2
 Wereblood                Tmut           0%         N/A       92%         2
 Flame Wave               Conj/Fire      0%         2d4       100%        4
 Summon Cactus Giant      Summ           0%         N/A       100%        6
 Summon Hydra             Summ           0%         N/A       100%        7


Dungeon Overview and Level Annotations

Branches:
Dungeon (3/15)

Altars:

Annotations:
D:3 Grinder


Message History

Grinder is severely wounded.
Grinder blinks!
You hit Grinder.
Grinder is severely wounded.
Grinder hits you!
You writhe in agony.
You slash Grinder!
Grinder is almost dead.
You block Grinder's attack. Grinder closely misses you.
You barely miss Grinder.
Grinder is almost dead.
Grinder says, "Wait up."
Grinder gestures at you.
You suddenly lose the ability to move!
Grinder hits you. Grinder barely misses you.
Grinder blinks! x2
You can move again.
You are too injured to fight recklessly!
You see here a +0 dagger.
Found a stone staircase leading up.
Grinder hits you!
* * * LOW HITPOINT WARNING * * *
You hit Grinder but do no damage.
Grinder is almost dead.
Grinder hits you!
* * * LOW HITPOINT WARNING * * *
You writhe in agony.
* * * LOW HITPOINT WARNING * * *
You feel better. Grinder gestures at you. Pain shoots through your body!
* * * LOW HITPOINT WARNING * * *
You closely miss Grinder.
Grinder is almost dead.
You block Grinder's attack. Grinder hits you.
* * * LOW HITPOINT WARNING * * *
You barely miss Grinder.
Grinder is almost dead.
Grinder gestures at you. Pain shoots through your body!
You die...

.##.## .<# ..#.#. ..##
##.....##...
#<.#....#:.#
#..........?.####.
#.............#...
...#.....5......)
#.#.....@.......
..#.......).......
.....................
..##....###.............
........# #...†.....#...
...# #..###...##.##.# .#
..(# #........#...#... .
...#
#...##....._.)......
...#
#...#....#...#......


You could see Grinder.

Vanquished Creatures
  Terence (D:2)
  Natasha (twice) (D:2)
  2 adders
  An endoplasm (D:1)
  4 giant cockroaches
  13 goblins
  5 hobgoblins
  4 jackals (D:1)
  2 quokkas
  8 ball pythons
  5 bats
  A frilled lizard (D:1)
  4 kobolds
  4 rats
56 creatures vanquished.

Notes
Turn   | Place    | Note
-------+----------+-------------------------------------------
     0 | D:1      | qeuew the Hill Orc Fighter began the quest for the Orb.
     0 | D:1      | Reached XP level 1. HP: 19/19 MP: 1/1
    23 | D:1      | Reached XP level 2. HP: 26/27 MP: 2/2
   425 | D:1      | Reached XP level 3. HP: 32/33 MP: 3/3
  1304 | D:2      | Noticed Natasha
  1309 | D:2      | Killed Natasha
  1310 | D:2      | Reached skill level 1 in Dodging
  1310 | D:2      | Reached XP level 4. HP: 35/40 MP: 4/4
  1370 | D:2      | Noticed Terence
  1387 | D:2      | Killed Terence
  1490 | D:2      | Noticed Natasha
  1494 | D:2      | Killed Natasha
  1495 | D:2      | Reached XP level 5. HP: 40/47 MP: 5/5
  1799 | D:2      | You fall into a shaft and drop 1 floor!
  1847 | D:3      | Found a faded altar of an unknown god.
  1852 | D:3      | Noticed Grinder
  1879 | D:3      | Paralysed by Grinder for 5 turns
  1886 | D:3      | HP: 2/47 [Grinder (3)]
  1889 | D:3      | Killed from afar by Grinder

Illustrated notes

Levels and vault maps discovered:
D:1:      lightli_molten_gateway, layout_basic, minmay_misc_feat_roman,
          minmay_ruptured
D:2:      layout_loops_cross, uniq_natasha, uniq_terence
D:3:      layout_rooms, ebering_ecumenical_altar_box, uniq_grinder

Skill      XL: |  1  2  3  4 |
---------------+-------------+-----
Axes           | 3 |  3.8
Fighting       | 4 |  4.5
Dodging        | 1 |  1.5
Shields        | 4 |  4.1
Armour         | 4 |  4.1

Action                   |  1- 3 |  4- 6 || total
-------------------------+-------+-------++-------
Melee: War axe           |   110 |    61 ||   171
  Use: Potion            |     1 |     1 ||     2
       Scroll            |     1 |       ||     1
Armor: Scale mail        |    68 |    33 ||   101
Dodge: Dodged            |    67 |    26 ||    93
Block: Buckler           |    36 |     8 ||    44
